 Dungeon Crawl Stone Soup version 0.20-b1 (webtiles) character file.

65 Gorglomux the Chopper (level 4, 0/41 HPs)
             Began as a Hill Orc Monk on May 19, 2017.
             Was a Follower of Trog.
             Succumbed to kobold's curare-tipped needle
             ... on level 3 of the Dungeon.
             The game lasted 00:03:27 (2381 turns).

Gorglomux the Chopper (Hill Orc Monk)               Turns: 2381, Time: 00:03:28

Health: 0/41       AC:  6    Str: 14    XL:     4   Next: 14%
Magic:  4/4        EV: 10    Int: 10    God:    Trog [*.....]
Gold:   110        SH:  0    Dex: 13    Spells: 3/3 levels left

rFire    . . .     SeeInvis .   a - +0 hand axe
rCold    . . .     Gourm    +   (no shield)
rNeg     . . .     Faith    .   f - +0 scale mail
rPois    .         Spirit   .   (no helmet)
rElec    .         Reflect  .   (no cloak)
rCorr    .         Harm     .   (no gloves)
MR       .....                  (no boots)
Stlth    +.........             r - amulet of the gourmand {Gourm, !d}
Regen    0.2/turn               h - ring of stealth {Stlth+}
MPRegen  0.1/turn               (no ring)

@: lethally poisoned (0 -> -16), slowed, very slow
A: no striking features
a: Berserk, Burn Spellbooks, Renounce Religion


You were on level 3 of the Dungeon.
You worshipped Trog.
Trog was aware of your devotion.
You were not hungry.

You visited 1 branch of the dungeon, and saw 3 of its levels.

You collected 110 gold pieces.

Inventory:

Hand Weapons
 a - a +0 hand axe (weapon)
 s - a +0 blowgun
   (You took it off a kobold on level 3 of the Dungeon)
Missiles
 q - 2 curare-tipped needles
Armour
 b - a +0 robe
 f - a +0 scale mail (worn)
   (You found it on level 1 of the Dungeon)
Jewellery
 h - a ring of stealth (left hand) {Stlth+}
   (You found it on level 1 of the Dungeon)
 r - an amulet of the gourmand (around neck) {Gourm, !d}
   (You found it on level 3 of the Dungeon)
Scrolls
 e - a scroll of noise {unknown}
 g - 3 scrolls of remove curse {unknown}
 i - a scroll of identify
 l - a scroll of fog {unknown}
 p - a scroll of enchant weapon {unknown}
Potions
 d - 2 potions of flight
 j - 3 potions of heal wounds
 m - a potion of cancellation
 o - a potion of ambrosia {unknown}
Comestibles
 c - 4 bread rations {@e1}
 k - 6 fruits
 n - a royal jelly


   Skills:
 + Level 4.4 Fighting
 * Level 5.7 Axes
 - Level 2.4 Dodging
 - Level 1.5 Stealth


You had 3 spell levels left.
You didn't know any spells.

Dungeon Overview and Level Annotations

Branches:
Dungeon (3/15)

Altars:
Ashenzari
Elyvilon
Fedhas
Hepliaklqana
Trog
Xom

Annotations:
D:2 2 transporters, 1 runed door(crazy yuif)
D:3 exclusion: Sigmund, Sigmund


Message History

You kill the rat!
No target in view!
No target in view!
You see here a rat corpse.
You butcher the rat corpse.
q - a chunk of flesh {@w0}
There is a bloodstained altar of Trog here.
You kneel at the altar of Trog.
Trog welcomes you!
You can now go berserk at will.
You can now call upon Trog for regeneration and protection from hostile enchantments.
You can now call upon Trog to burn spellbooks in your surroundings.
Eating a chunk of flesh {@w0}.
You eat the chunk of flesh {@w0}.
This raw flesh is not very appetising.
j - 3 potions of heal wounds (gained 1)
You see here a leather armour.
Things that are here:
a club x2
There is a stone staircase leading down here.
A kobold comes into view. It is wielding a short sword.
The kobold shouts!
The kobold unwields an uncursed short sword.
The kobold wields a blowgun.
The kobold shoots a curare-tipped needle.
The curare-tipped needle hits you.
You are poisoned.
You have difficulty breathing.
You feel yourself slow down.
You see here a curare-tipped needle.
Your skin crawls.
You feel resistant to hostile enchantments.
You feel somewhat more hungry.
You can no longer call upon Trog for regeneration and protection from hostile enchantments.
You feel sick.
You feel sick.
The kobold shoots a curare-tipped needle.
The curare-tipped needle hits you.
You are more poisoned.
You have difficulty breathing.
You feel as though you will be slow longer.
You see here a curare-tipped needle.
You feel sick.
The kobold shoots a curare-tipped needle.
The curare-tipped needle barely misses you.
The kobold shoots a curare-tipped needle.
The curare-tipped needle closely misses you.
A red film seems to cover your vision as you go berserk!
You feel yourself moving faster!
You feel mighty!
You feel a lot more hungry.
You feel sick.
The kobold shoots a curare-tipped needle.
The curare-tipped needle hits you.
You are more poisoned.
You have difficulty breathing.
You feel as though you will be slow longer.
You feel a strong urge to attack something.
You feel sick.
The kobold shoots a curare-tipped needle.
The curare-tipped needle hits you.
You are more poisoned.
You have difficulty breathing.
You feel as though you will be slow longer.
You feel very sick.
The kobold shoots a curare-tipped needle.
The curare-tipped needle hits you.
You are more poisoned.
You have difficulty breathing.
You feel as though you will be slow longer.
You see here a curare-tipped needle.
You feel your anger subside.
You feel very sick.
The kobold unwields an uncursed blowgun.
The kobold wields an uncursed short sword.
The kobold hits you with an uncursed short sword.
Unknown command.
You hit the kobold.
You kill the kobold!
Trog accepts your kill.
You are no longer berserk.
You are exhausted.
You feel as though you will be slow longer.
You feel very sick.
Unknown command.
You feel very sick.
q - a curare-tipped needle
Things that are here:
an uncursed short sword; an uncursed blowgun You feel the effects of Trog's Hand fading.
You feel very sick.
s - an uncursed blowgun You feel very sick.
You feel very sick.
You feel very sick.
q - 2 curare-tipped needles (gained 1)
Your skin stops crawling.
You feel less resistant to hostile enchantments.
* * * LOW HITPOINT WARNING * * *
You feel sick.
* * * LOW HITPOINT WARNING * * *
You feel very sick.
You die...

##+#### #.....# #.#
#.....########.# #.........##.[..
#.........##.#.# #.........##.#.#
#.........##.#.# # ######
#####.#......##.#.####.#####.....
.............(..@...)............
#####.##.######(#......#####.....
........>.....(..............+...
#####......#.....................
######.#.#######..#######....
#.#.# ##.# #..[.<.. ###### #.#.#
..# #.##..#. ###....# #.#.. ...
#.##..#. .......###.### #.##..#.


There were no monsters in sight!

Vanquished Creatures
  An adder (D:3)
  A worm (D:2)
  3 dart slugs (D:1)
  2 leopard geckos
  An orc (D:3)
  A giant cockroach (D:2)
  5 goblins
  6 hobgoblins
  2 quokkas
  2 ball pythons
  7 bats
  3 kobolds
  10 rats
44 creatures vanquished.

Notes
Turn   | Place    | Note
-------+----------+-------------------------------------------
     0 | D:1      | Gorglomux the Hill Orc Monk began the quest for the Orb.
     0 | D:1      | Reached XP level 1. HP: 19/19 MP: 1/1
   351 | D:1      | Reached XP level 2. HP: 27/27 MP: 2/2
   670 | D:1      | Reached skill level 5 in Axes
  1016 | D:2      | Reached XP level 3. HP: 33/33 MP: 3/3
  1139 | D:2      | Reached skill level 4 in Fighting
  1147 | D:2      | Found a hazy altar of Hepliaklqana.
  1149 | D:2      | Found a shimmering altar of Xom.
  1150 | D:2      | Noticed a spectral ugly thing
  1198 | D:2      | Found a shattered altar of Ashenzari.
  1201 | D:2      | Noticed a two-headed ogre
  1487 | D:2      | Found a runed door.
  2047 | D:3      | Noticed Sigmund
  2107 | D:3      | Reached XP level 4. HP: 41/41 MP: 4/4
  2295 | D:3      | Found a bloodstained altar of Trog.
  2295 | D:3      | Found a white marble altar of Elyvilon.
  2295 | D:3      | Found a blossoming altar of Fedhas.
  2309 | D:3      | Became a worshipper of Trog the Wrathful
  2309 | D:3      | Reached * piety under Trog
  2309 | D:3      | Reached ** piety under Trog
  2376 | D:3      | HP: 10/41 [poisoned by kobold (curare-tipped needle)]
  2380 | D:3      | HP: 2/41 [poisoned by kobold (curare-tipped needle)]
  2381 | D:3      | Succumbed to kobold's curare-tipped needle

Skill      XL: |  1  2  3 |
---------------+----------+-----
Axes           | 5 |  5.7
Fighting       | 4 |  4.4
Dodging        | |  2.4
Stealth        | |  1.5

Action                   |  1- 3 |  4- 6 || total
-------------------------+-------+-------++-------
Melee: Hand axe          |   127 |    26 ||   153
Invok: Berserk           |       |     1 ||     1
       Trog's Hand       |       |     1 ||     1
  Use: Scroll            |     3 |       ||     3
 Stab: Sleeping          |     2 |       ||     2
  Eat: Chunk             |     3 |     8 ||    11
Armor: Robe              |     5 |       ||     5
       Scale mail        |    59 |     5 ||    64
Dodge: Dodged            |    71 |    14 ||    85

Vault maps used:
D:1:      dpeg_arrival_castle
D:2:      regret_index_temple_of_mockery, gammafunk_temple_overflow_arena,
          first_bread, kennysheep_another_room, small_statue_intersection,
          serial_park_tiny_1, kennysheep_minor_cross, uniq_crazy_yiuf_cottage
D:3:      minitemple, kennysheep_generic_room_9, uniq_sigmund

Table legend:
 A = Turns spent in this place as a percentage of turns spent in the entire game.
 B = Non-inter-level travel turns spent in this place as a percentage of non-inter-level travel turns spent in the entire game.
 C = Inter-level travel turns spent in this place as a percentage of turns spent in this place.
 D = Turns resting spent in this place as a percentage of non-inter-level travel turns spent in this place.
 E = Turns spent auto-exploring this place as a percentage of non-inter-level travel turns spent in this place.
 F = Non-inter-level travel turns spent in this place divided by the number of levels of this place that you've seen.
                   A       B       C       D       E      F
               +-------+-------+-------+-------+-------+----------------------
         Total | 100.0 | 100.0 |   0.3 |   0.8 |   8.9 | 252.0
       Dungeon | 100.0 | 100.0 |   0.3 |   0.8 |   8.9 | 252.0
               +-------+-------+-------+-------+-------+----------------------

Table legend:
 A = Kills in this place as a percentage of kills in entire the game.
 B = Kills by you in this place as a percentage of kills by you in the entire game.
 C = Kills by friends in this place as a percentage of kills by friends in the entire game.
 D = Other kills in this place as a percentage of other kills in the entire game.
 E = Experience gained in this place as a percentage of experience gained in the entire game.
 F = Experience gained in this place divided by the number of levels of this place that you have seen.
                   A       B       C       D       E      F
               +-------+-------+-------+-------+-------+----------------------
         Total | 100.0 | 100.0 |  -nan |  -nan | 100.0 |  31.3
       Dungeon | 100.0 | 100.0 |  -nan |  -nan | 100.0 |  31.3
               +-------+-------+-------+-------+-------+----------------------
